 Dungeon Crawl Stone Soup version 0.21.1-1-g345015fe64 (webtiles) character file.

63 BrokenGlass the Sneak (level 4, 0/31 HPs)
             Began as an Octopode Assassin on Mar 26, 2018.
             Killed from afar by an orc wizard (7 damage)
             ... with a puff of flame
             ... on level 3 of the Dungeon.
             The game lasted 00:01:17 (1497 turns).

BrokenGlass the Sneak (Octopode Assassin)           Turns: 1497, Time: 00:01:18

Health: 0/31       AC:  1    Str: 11    XL:     4   Next: 10%
Magic:  4/4        EV: 13    Int: 13    God:
Gold:   44         SH:  0    Dex: 13    Spells: 3/3 levels left

rFire    . . .     SeeInvis .   a - +2 dagger
rCold    . . .     Gourm    .   (no shield)
rNeg     . . .     Faith    .   (helmet restricted)
rPois    .         Spirit   .   g - amulet of inaccuracy (curse)
rElec    .         Reflect  .   q - ring of stealth
rCorr    .         Harm     .   (no ring)
MR       .....                  (no ring)
Stlth    +++++.....             (no ring)
HPRegen  0.10/turn              (no ring)
MPRegen  0.09/turn              (no ring)
                                (no ring)
                                (no ring)

@: no status effects
A: almost no armour, stealthy swim, amphibious, 8 rings, constrict 8, camouflage
1, gelatinous body 1
a: no special abilities


You were on level 3 of the Dungeon.
You were hungry.

You visited 1 branch of the dungeon, and saw 3 of its levels.

You collected 44 gold pieces.

Inventory:

Hand Weapons
 a - a +2 dagger (weapon)
 b - a +0 blowgun
Missiles
 c - 8 poisoned needles
 d - 2 curare-tipped needles
 k - 5 tomahawks (quivered)
 m - 48 arrows
Jewellery
 g - a cursed amulet of inaccuracy (around mantle)
 q - a ring of stealth (left tentacle)
Scrolls
 h - a scroll of teleportation {unknown}
 o - a scroll of identify {unknown}
Potions
 e - a potion of curing {unknown}
 i - a potion of magic {unknown}
 j - a potion of cancellation {unknown}
 l - a potion of heal wounds {unknown}
 n - a potion of might {unknown}
 p - a potion of ambrosia {unknown}
Comestibles
 f - 4 rations


   Skills:
 * Level 3.0 Fighting
 + Level 2.5 Short Blades
 - Level 2.0 Throwing
 - Level 1.0 Dodging
 * Level 6.4 Stealth


You had 3 spell levels left.
You didn't know any spells.

Dungeon Overview and Level Annotations

Branches:
Dungeon (3/15)

Altars:


Innate Abilities, Weirdness & Mutations

You cannot wear most types of armour.
You are very stealthy in the water. (Stealth+)
You are amphibious.
You can wear up to eight rings at the same time.
You can use your tentacles to constrict eight enemies at once.
Your skin changes colour to match your surroundings (Stealth+).
Your rubbery body absorbs attacks. (AC +1, EV +1)


Message History

You constrict the orc wizard. The orc wizard barely misses you.
Unknown command.
Unknown command.
You hit the orc wizard.
The orc wizard is almost dead.
You constrict the orc wizard. The orc wizard barely misses you.
Unknown command.
Unknown command.
You hit the orc wizard.
You kill the orc wizard!
Your Fighting skill increases to level 3!
You have reached level 4!
Something hits you but does no damage.
Unknown command.
A kobold comes into view.
The kobold moves out of view.
You hear some strange, mumbled words.
A puff of flame appears from out of thin air!
The puff of flame hits you!
You die...

## . . #K
#.## ...
#.########
#.@..gooo#
#.######.#
... #.#
#.## #.#
... #.##
### #l#.##
..###.#
### #).#
#.#o#


You could see 3 orcs, a goblin and a kobold (wandering).

Vanquished Creatures
  An orc wizard (D:3)
  An ooze (D:2)
  A dart slug (D:1)
  An orc (D:3)
  A ball python (D:1)
  3 bats (D:1)
  3 giant cockroaches
  2 goblins (D:1)
  3 hobgoblins (D:1)
  3 jackals
  4 kobolds (D:1)
  5 frilled lizards
  3 rats
31 creatures vanquished.

Notes
Turn   | Place    | Note
-------+----------+-------------------------------------------
     0 | D:1      | BrokenGlass the Octopode Assassin began the quest for the Orb.
     0 | D:1      | Reached XP level 1. HP: 14/14 MP: 1/1
    63 | D:1      | Reached XP level 2. HP: 8/19 MP: 2/2
   639 | D:1      | Reached XP level 3. HP: 8/25 MP: 3/3
   962 | D:2      | Reached skill level 6 in Stealth
  1495 | D:3      | Reached XP level 4. HP: 7/31 MP: 4/4
  1497 | D:3      | Killed from afar by an orc wizard

Skill      XL: |  1  2  3 |
---------------+----------+-----
Stealth        | 6 |  6.4
Fighting       | 3 |  3.0
Short Blades   | |  2.5
Throwing       | |  2.0
Dodging        | |  1.0

Action                   |  1- 3 |  4- 6 || total
-------------------------+-------+-------++-------
Melee: Dagger            |    70 |       ||    70
       Constrict         |    10 |       ||    10
       Tentacles         |     8 |       ||     8
  Use: Scroll            |     2 |       ||     2
 Stab: Sleeping          |     9 |       ||     9
  Eat: Chunk             |     1 |       ||     1
Armor: Skin              |     4 |     1 ||     5
Dodge: Dodged            |    40 |       ||    40
